 Dungeon Crawl Stone Soup version 0.22.0-49-gab54619 (webtiles) character file.

206482 Lavandula the Severer (level 18, -1/151 HPs)
             Began as a Centaur Berserker on Sept 4, 2018.
             Was a High Priest of Uskayaw.
             Slain by an emperor scorpion (2 damage)
             ... while paralysed by a hornet
             ... on level 4 of the Spider Nest.
             The game lasted 02:00:20 (15802 turns).

Lavandula the Severer (Centaur Berserker)          Turns: 15802, Time: 02:00:21

Health: -1/151     AC: 23    Str: 24 (25) XL:     18   Next: 7%
Magic:  2/23       EV:  1    Int:  7      God:    Uskayaw [*****.]
Gold:   861        SH:  0    Dex: 13 (14) Spells: 8/24 levels left

rFire    . . .     SeeInvis +   s - +8 battleaxe (elec)
rCold    + . .     Gourm    .   (shield currently unavailable)
rNeg     . . .     Faith    .   r - +4 troll leather armour {Snorg}
rPois    +         Spirit   .   M - +2 helmet
rElec    .         Reflect  .   y - +2 cloak
rCorr    .         Harm     .   m - +0 pair of fencer's gloves {+Riposte Dex+3}
MR       +....                  (no barding)
Stlth    +.........             S - amulet of magic regeneration
HPRegen  0.75/turn              z - +5 ring of protection
MPRegen  0.43/turn              R - ring of see invisible

@: paralysed, very slightly contaminated, very quick
A: large, hooves 3, cold resistance 1, deformed body, speed 2, poison
resistance, tough skin 3, no potion heal 1
}: 1/15 runes: decaying
a: Stomp, Line Pass, Grand Finale, Renounce Religion


You were on level 4 of the Spider Nest.
You worshipped Uskayaw.
Uskayaw was noncommittal.
You were not hungry.

You visited 7 branches of the dungeon, and saw 33 of its levels.
You also visited: Ice Cave.

You collected 2421 gold pieces.
You spent 1560 gold pieces at shops.

Inventory:

Hand Weapons
 k - a +3 battleaxe of flaming
 s - a +8 battleaxe of electrocution (weapon)
Missiles
 E - 5 throwing nets
 Y - 8 poisoned javelins (quivered)
Armour
 m - the +0 pair of fencer's gloves (worn) {+Riposte Dex+3}
   (You bought it in a shop on level 2 of the Orcish Mines)

   It affects your dexterity (+3).
 r - a +4 troll leather armour (worn) {Snorg}
 w - a +0 ring mail of fire resistance
 y - a +2 cloak (worn)
 D - the +0 leather armour "Angibu" {rElec}
   (You bought it in a shop on level 2 of the Orcish Mines)

   It insulates you from electricity.
 H - +0 ice dragon scales
 J - a scarf of cloud immunity
 M - a +2 helmet (worn)
 N - a +2 chain mail of magic resistance
 V - the +0 ring mail of Tomorrow {MR- rCorr SInv}
   (You found it on level 2 of the Vaults)

   It affects your resistance to hostile enchantments.
   It lets you see invisible.
   It provides partial protection from all sources of acid and corrosion.
Jewellery
 e - an uncursed ring of ice
 z - a +5 ring of protection (left hand)
 A - an uncursed ring of protection from fire
 G - an uncursed ring of ice
 R - a ring of see invisible (right hand)
 S - an amulet of magic regeneration (around neck)
 W - an uncursed ring of fire
Wands
 n - a wand of paralysis (12)
 q - a wand of acid (8)
 x - a wand of digging (28)
 C - a wand of polymorph (16)
 L - a wand of clouds (6)
 T - a wand of iceblast (7)
 U - a wand of disintegration (5)
 X - a wand of scattershot (2)
Scrolls
 f - 10 scrolls of remove curse
 g - 2 scrolls of fear
 p - a scroll of holy word
 u - 9 scrolls of teleportation
 v - 5 scrolls of immolation
 I - 3 scrolls of fog
 K - 4 scrolls of vulnerability
 P - 2 scrolls of summoning
 Q - 2 scrolls of magic mapping
Potions
 a - 5 potions of might
 b - a potion of cancellation
 d - a potion of berserk rage
 h - 6 potions of curing
 i - 5 potions of heal wounds
 l - 2 potions of magic
 o - 3 potions of invisibility
 t - 2 potions of ambrosia
 B - 4 potions of agility
Miscellaneous
 Z - a lightning rod (4/4)
Comestibles
 c - 44 rations


   Skills:
 - Level 11.0 Fighting
 - Level 20.0 Axes
 - Level 6.2 Throwing
 - Level 8.1 Armour
 - Level 12.2 Dodging
 - Level 3.8 Spellcasting
 - Level 4.3 Charms
 + Level 2.6 Necromancy
 - Level 5.1 Invocations
 - Level 4.2 Evocations


You had 8 spell levels left.
You knew the following spells:

 Your Spells              Type           Power        Failure   Level  Hunger
a - Summon Butterflies    Summ           #.......     34%         1    ##.....
b - Shroud of Golubria    Chrm/Tloc      #.........   22%         2    ###....
c - Regeneration          Chrm/Necr      #.........   26%         3    ####...
d - Song of Slaying       Chrm           #.......     9%          2    ###....
e - Spectral Weapon       Hex/Chrm       #.......     41%         3    ####...
f - Summon Mana Viper     Hex/Summ       #.......     100%        5    ######.

Your spell library contained the following spells:

 Spells                   Type           Power        Failure   Level  Hunger
 Infusion                 Chrm           #...         6%          1    ##.....
 Confusing Touch          Hex            #.....       34%         1    ##.....
 Corona                   Hex            #......      34%         1    ##.....
 Ensorcelled Hibernation  Hex/Ice        #.....       47%         2    ###....
 Call Canine Familiar     Summ           #.......     71%         3    ####...
 Confuse                  Hex            #.......     71%         3    ####...
 Dazzling Spray           Conj/Hex       #.....       71%         3    ####...
 Gell's Gravitas          Tloc           #.........   71%         3    ####...
 Tukima's Dance           Hex            #.......     71%         3    ####...
 Ice Form                 Ice/Tmut       #.......     98%         4    #####..
 Petrify                  Tmut/Erth      #.......     98%         4    #####..
 Summon Ice Beast         Ice/Summ       #.......     98%         4    #####..
 Iskenderun's Battlesphe  Conj/Chrm      #.......     99%         5    ######.
 Bolt of Magma            Conj/Fire/Erth #.........   100%        5    ######.
 Metabolic Englaciation   Hex/Ice        #.........   100%        5    ######.
 Venom Bolt               Conj/Pois      #.........   100%        5    ######.
 Yara's Violent Unravell  Hex/Tmut       #.........   100%        5    ######.
 Bolt of Cold             Conj/Ice       #.........   100%        6    #######
 Freezing Cloud           Conj/Ice/Air   #.........   100%        6    #######
 Iron Shot                Conj/Erth      #.........   100%        6    #######
 Ozocubu's Refrigeration  Ice            #.........   100%        6    #######
 Simulacrum               Ice/Necr       #.........   100%        6    #######
 Orb of Destruction       Conj           #.........   100%        7    #######
 Spellforged Servitor     Conj/Summ      #.........   100%        7    #######
 Summon Hydra             Summ           #.........   100%        7    #######


Dungeon Overview and Level Annotations

Branches:
Dungeon (14/15)            Temple (1/1) D:6            Lair (6/6) D:10
  Swamp (4/4) Lair:2       Spider (4/4) Lair:4        Slime (0/5) Lair:5
    Orc (2/2) D:12            Elf (0/3) Orc:2        Vaults (2/5) D:14
  Crypt (0/3) Vaults:2

Altars:
Ashenzari
Dithmenos
Fedhas
Gozag
Hepliaklqana
Makhleb
Nemelex Xobeh
Okawaru
Qazlal
Ru
Sif Muna
Uskayaw
Vehumet
Wu Jian
Xom
Yredelemnul
Beogh
Jiyva

Shops:
D:6 (   D:9 [   Orc:2 [?([

Portals:
Trove: D:10 (give 21 scrolls of identify)

Annotations:
D:5 vault
Lair:6 exclusion: oklob plant
Swamp:2 exclusion: oklob plant


Innate Abilities, Weirdness & Mutations

You have hooves in place of feet.
Armour fits poorly on your strangely shaped body.
You cover ground very quickly.
You have extremely tough skin. (AC +3)
Your flesh is cold resistant. (rC+)
Your system is resistant to poisons. (rPois)
Potions are less effective at restoring your health.


Message History

* * * LOW HITPOINT WARNING * * *
You suddenly lose the ability to move!
The emperor scorpion stings you!
* * * LOW HITPOINT WARNING * * *
The emperor scorpion claws you but does no damage.
The emperor scorpion claws you.
* * * LOW HITPOINT WARNING * * *
The hornet stings you!
* * * LOW HITPOINT WARNING * * *
The hornet stings you!
* * * LOW HITPOINT WARNING * * *
The emperor scorpion stings you but does no damage.
The emperor scorpion claws you but does no damage.
The emperor scorpion claws you.
* * * LOW HITPOINT WARNING * * *
The hornet stings you but does no damage.
The emperor scorpion stings you but does no damage.
The emperor scorpion claws you.
* * * LOW HITPOINT WARNING * * *
The emperor scorpion claws you.
You die...

.#....#^..^###≈≈..≈≈####.....!###
##..#^...#..###....≈≈≈≈#######
.^##.#.#.≈..####............
.#...#.^.≈...#...†#......s..
................≈.####^.####
.†s^^.s...≈.≈ss.#########
.#.###..#.#^..§#####.## ########
.#s#...##...#s†#..#...###.##...#
...##.........ss@.....##^.....##
##...^....#..s†y..^^...........#
.....#..##...#########...##.#.##
..#....##.^#.........##....####
..#..###...................#
.#####.....#.........#..#..#
#.......#^.##..#.#......#..^#
....^.....##.....####.#.#.^..#
####.#^...#...##.^..^...#^#.##


You could see an emperor scorpion, 3 orb spiders and a hornet.

Vanquished Creatures
  Saint Roka (Orc:2)
  A bone dragon (Swamp:4)
  Kirke (Lair:6)
  4 thorn hunters
  A deep elf sorcerer (Vaults:2)
  3 ghost moths
  An orc warlord (Orc:2)
  6 emperor scorpions
  A vault warden (Vaults:1)
  An ironheart preserver (Vaults:2)
  2 stone giants (Vaults:2)
  3 entropy weavers
  2 spark wasps
  3 deep elf death magi (Vaults:2)
  Harold (D:7)
  2 ice dragons
  3 yaktaur captains
  5 hydras
  A fire dragon (Vaults:2)
  3 centaur warriors
  2 ghost crabs
  3 death yaks (Lair:2)
  2 dancing weapons (D:14)
  5 ogre magi
  8 alligators
  The ghost of Rorewn the Basher, a journeyman GrFi of Cheibriados (Orc:1)
  27 two-headed ogres
  A death knight (Vaults:2)
  Urug (Orc:1)
  A deep elf knight (Vaults:2)
  Nergalle (Lair:4)
  A shadow wraith (Vaults:2)
  A spriggan druid (Swamp:4)
  A deep troll (Spider:3)
  3 shambling mangroves
  2 swamp dragons
  3 deep elf archers (Vaults:2)
  3 ironbrand convokers (Vaults:2)
  3 phantasmal warriors (Swamp:4)
  Pikel (D:8)
  A wizard (Vaults:2)
  2 spectral hydras (Swamp:4)
  11 orb spiders
  2 necromancers
  2 orc knights (Orc:2)
  26 wolf spiders
  4 cyclopes
  5 deep elf magi
  15 ugly things
  2 moths of wrath (Spider:3)
  A black mamba (Lair:5)
  An elephant (Lair:2)
  2 centaur zombies
  A vault sentinel (Vaults:1)
  9 spiny frogs
  A gargoyle (D:11)
  2 torpor snails
  2 ice statues (IceCv)
  5 orange demons (D:12)
  3 swamp worm zombies (Swamp:4)
  An efreet (D:13)
  The ghost of Verendum the Insei, a novice OpFi (D:4)
  A freezing wraith (Vaults:2)
  6 yaktaurs
  A rime drake (Lair:6)
  4 komodo dragons
  3 ice devils (IceCv)
  11 demonic crawlers
  A yaktaur skeleton (Vaults:2)
  2 red devils (D:12)
  7 trolls
  2 hydra zombies (Swamp:4)
  30 jumping spiders
  10 polar bears
  A queen bee (D:11)
  5 tyrant leeches
  9 hornets
  9 bog bodies
  A hippogriff (shapeshifter) (Vaults:2)
  3 alligator zombies (Swamp:4)
  7 dream sheep
  A spectral swamp dragon (Swamp:4)
  9 blink frogs (Lair:3)
  14 slime creatures
  5 hippogriffs
  67 redbacks
  A shadow (Swamp:1)
  16 spriggans
  An orc simulacrum (Vaults:2)
  5 hogs (Lair:6)
  20 tarantellas
  2 wraiths
  A wyvern (Lair:6)
  37 yaks
  A steam dragon (D:8)
  A basilisk (Lair:6)
  8 vampire mosquitoes (Swamp:4)
  8 wargs
  14 swamp worms
  An acid dragon (D:12)
  Edmund (D:4)
  19 insubstantial wisps
  6 water moccasins
  8 porcupines
  An ice beast (D:7)
  26 orc warriors
  8 black bears
  2 sky beasts
  4 swamp drakes
  9 necrophages
  6 phantoms (Swamp:4)
  18 ogres
  3 swamp dragon zombies (Swamp:4)
  39 wolves
  3 boggarts (Lair:6)
  11 centaurs
  3 crocodiles
  3 big kobolds
  A gnoll sergeant (D:11)
  12 bullfrogs
  2 human zombies (Vaults:2)
  A wyvern skeleton (D:11)
  6 scorpions
  A water moccasin skeleton (D:10)
  17 killer bees (D:11)
  6 howler monkeys
  8 wights
  An electric eel (Lair:1)
  3 crimson imps
  A bullfrog zombie (D:8)
  A quasit (D:10)
  2 jellies
  20 orc priests
  A gnoll shaman (D:5)
  2 hounds
  2 bullfrog skeletons
  9 centaur skeletons
  5 iguanas
  28 orc wizards
  A spriggan simulacrum (IceCv)
  A troll simulacrum (IceCv)
  11 worker ants
  2 spectral swamp drakes (Swamp:4)
  A centaur simulacrum (IceCv)
  A hound zombie (D:11)
  A mummy (D:8)
  2 worker ant zombies
  8 gnolls
  2 river rats (D:6)
  A swamp drake zombie (Swamp:4)
  12 adders
  5 naga simulacra (IceCv)
  2 ogre simulacra (IceCv)
  2 shadow imps
  9 white imps (Lair:6)
  6 worms
  2 dart slugs (D:4)
  2 leopard geckos
  74 orcs
  4 bats
  4 giant cockroaches (D:2)
  10 goblins
  2 hobgoblins (D:7)
  10 jackals
  A ball python (D:2)
  5 frilled lizards
  19 kobolds
  3 leopard gecko skeletons
  6 rats
  A briar patch (Swamp:2)
  3 fungi
  4 plants (D:6)
1055 creatures vanquished.

Vanquished Creatures (collateral kills)
  Arachne (Spider:3)
  A thorn hunter (Swamp:2)
  Snorg (Lair:6)
  Erolcha (Orc:1)
  A hydra (Lair:6)
  An alligator (Swamp:3)
  An orc high priest (Orc:2)
  Sonja (Lair:6)
  A skeletal warrior (Vaults:2)
  A wizard (Vaults:2)
  A shambling mangrove (Swamp:2)
  An ironbrand convoker (Vaults:2)
  A spectral hydra (Swamp:4)
  2 oklob plants
  An orc sorcerer (Orc:2)
  3 elephants (Lair:2)
  A spiny frog (Lair:2)
  2 hornets (Swamp:2)
  A hydra zombie (Swamp:4)
  A polar bear (Lair:6)
  A hippogriff (Lair:2)
  A redback (Spider:3)
  A water moccasin (Lair:2)
  A swamp worm (Swamp:2)
  2 insubstantial wisps (Swamp:4)
  5 orc warriors (Orc:2)
  A phantom (Swamp:4)
  4 wolves (Lair:2)
  A swamp dragon zombie (Swamp:4)
  An ogre (Orc:1)
  A crocodile (Lair:6)
  A bullfrog (Lair:2)
  2 orc priests (Orc:2)
  2 orc wizards (Orc:2)
  A swamp drake zombie (Swamp:4)
  3 white imps (Lair:6)
  4 orcs (Orc:2)
56 creatures vanquished.

Vanquished Creatures (others)
  A jumping spider (Spider:3)
  An orc wizard (D:9)
  An adder (D:8)
  An orc (D:8)
  2 briar patches (Swamp:2)
  3 fungi
  5 plants
14 creatures vanquished.

Grand Total: 1125 creatures vanquished

Notes
Turn   | Place    | Note
-------+----------+-------------------------------------------
     0 | D:1      | Lavandula the Centaur Berserker began the quest for the
                  | Orb.
     0 | D:1      | Reached XP level 1. HP: 19/19 MP: 1/1
   129 | D:1      | Reached skill level 3 in Axes
   196 | D:2      | Reached XP level 2. HP: 22/26 MP: 2/2
   332 | D:2      | Reached XP level 3. HP: 14/31 MP: 3/3
   372 | D:2      | Reached ** piety under Trog
   377 | D:2      | Reached skill level 4 in Axes
   415 | D:3      | Reached XP level 4. HP: 20/38 MP: 4/4
   538 | D:3      | Reached skill level 5 in Axes
   588 | D:3      | Reached XP level 5. HP: 45/45 MP: 5/5
   690 | D:3      | Found a shattered altar of Ashenzari.
   811 | D:4      | Found an opulent altar of Gozag.
   844 | D:4      | Found a runed door.
   868 | D:5      | Entered Level 5 of the Dungeon
   878 | D:4      | Reached skill level 6 in Axes
   883 | D:4      | Noticed Verendum's ghost (novice OpFi)
   886 | D:4      | Reached XP level 6. HP: 45/51 MP: 6/6
   896 | D:4      | Killed Verendum's ghost
   896 | D:4      | Reached skill level 7 in Axes
   896 | D:4      | Reached XP level 7. HP: 19/57 MP: 7/7
   980 | D:4      | Noticed Edmund
   985 | D:4      | Killed Edmund
   985 | D:4      | Reached skill level 8 in Axes
  1058 | D:4      | Reached *** piety under Trog
  1888 | D:5      | Reached skill level 9 in Axes
  1888 | D:5      | Reached XP level 8. HP: 60/63 MP: 8/8
  1930 | D:6      | Found a sparkling altar of Nemelex Xobeh.
  1933 | D:6      | Found a staircase to the Ecumenical Temple.
  2152 | D:6      | Found Ofesacoll's Antique Weapon Shoppe.
  2226 | D:6      | Found a stormy altar of Qazlal.
  2425 | D:7      | Found an iron altar of Okawaru.
  2475 | D:7      | Reached skill level 10 in Axes
  2475 | D:7      | Noticed Harold
  2494 | D:7      | Killed Harold
  2494 | D:7      | Reached XP level 9. HP: 69/69 MP: 9/9
  2551 | D:7      | Reached **** piety under Trog
  2805 | D:8      | Noticed a troll
  2851 | D:8      | Killed a troll
  2851 | D:8      | Reached skill level 11 in Axes
  2854 | D:8      | Received a gift from Trog
  3156 | D:8      | Reached skill level 12 in Axes
  3211 | D:8      | Found a hazy altar of Hepliaklqana.
  3260 | D:8      | Noticed Pikel
  3274 | D:8      | Killed Pikel
  3274 | D:8      | Reached XP level 10. HP: 78/80 MP: 10/10
  3349 | D:8      | Reached skill level 5 in Fighting
  3362 | D:9      | Found Borphahi's Antique Armour Emporium.
  3365 | D:9      | Bought a shiny chain mail for 202 gold pieces
  3415 | D:9      | Received a gift from Trog
  3487 | D:10     | Entered Level 10 of the Dungeon
  3747 | D:9      | Found a basalt altar of Yredelemnul.
  3963 | D:10     | Found a sparkling altar of Nemelex Xobeh.
  4112 | D:10     | Found a staircase to the Lair.
  4125 | Lair:1   | Entered Level 1 of the Lair of Beasts
  4175 | D:10     | Found a portal to a secret trove of treasure.
  4375 | D:11     | Reached XP level 11. HP: 76/89 MP: 11/11
  4408 | D:12     | Noticed a two-headed ogre
  4413 | D:12     | Killed a two-headed ogre
  4413 | D:12     | Reached skill level 5 in Armour
  4451 | D:11     | Received a gift from Trog
  4531 | D:11     | Reached ***** piety under Trog
  4822 | D:12     | Noticed a deep elf mage
  4882 | D:12     | Noticed a four-headed hydra
  4892 | D:12     | Found a staircase to the Orcish Mines.
  4901 | D:12     | Killed an 11-headed hydra
  4974 | D:11     | Received a gift from Trog
  5034 | D:12     | Killed a deep elf mage
  5051 | D:13     | Noticed a centaur warrior
  5069 | D:12     | Killed a centaur warrior
  5181 | D:12     | Reached XP level 12. HP: 65/96 MP: 12/12
  5270 | D:12     | Reached skill level 13 in Axes
  5600 | Orc:1    | Entered Level 1 of the Orcish Mines
  5604 | Orc:1    | Found a runed gate.
  5604 | Orc:1    | Found a runed gate.
  5604 | Orc:1    | Found a runed gate.
  5605 | Orc:1    | Noticed Rorewn's ghost (journeyman GrFi)
  5655 | Orc:1    | Noticed a two-headed ogre
  5660 | Orc:1    | Killed a two-headed ogre
  5676 | Orc:1    | Noticed Erolcha
  5685 | Orc:1    | Killed Erolcha
  5685 | Orc:1    | Reached skill level 14 in Axes
  5712 | Orc:1    | Killed Rorewn's ghost
  5923 | Orc:2    | Entered Level 2 of the Orcish Mines
  6029 | Orc:2    | Found a staircase to the Elven Halls.
  6079 | Orc:2    | Found a roughly hewn altar of Beogh.
  6092 | Orc:2    | Noticed an orc warlord
  6137 | Orc:2    | Killed an orc warlord
  6188 | Orc:2    | Found a roughly hewn altar of Beogh.
  6279 | Orc:1    | Noticed Urug
  6305 | Orc:1    | Killed Urug
  6396 | Orc:1    | Reached skill level 15 in Axes
  6407 | Orc:1    | Received a gift from Trog
  6452 | Orc:2    | Found a roughly hewn altar of Beogh.
  6516 | Orc:2    | Noticed Saint Roka
  6532 | Orc:2    | Killed Saint Roka
  6532 | Orc:2    | Reached XP level 13. HP: 102/102 MP: 13/13
  6564 | Orc:2    | Found Huasuur's Antique Armour Emporium.
  6565 | Orc:2    | Found a roughly hewn altar of Beogh.
  6566 | Orc:2    | Found Nuhinlaox's Antique Weapon Shoppe.
  6585 | Orc:2    | Bought a translucent leather armour for 196 gold pieces
  6595 | Orc:2    | Identified the +0 leather armour "Angibu" {rElec} (You
                  | bought it in a shop on level 2 of the Orcish Mines)
  6642 | Orc:2    | Found a roughly hewn altar of Beogh.
  6688 | Orc:2    | Found a roughly hewn altar of Beogh.
  6688 | Orc:2    | Found Xocoo's Magic Scroll Emporium.
  6707 | Orc:2    | Bought a scroll of noise for 13 gold pieces
  6707 | Orc:2    | Bought a scroll of summoning for 123 gold pieces
  6707 | Orc:2    | Bought a scroll of identify for 26 gold pieces
  6708 | Orc:2    | Bought a scroll of magic mapping for 45 gold pieces
  6708 | Orc:2    | Bought a scroll of holy word for 97 gold pieces
  6708 | Orc:2    | Bought a scroll of identify for 26 gold pieces
  6708 | Orc:2    | Bought a scroll of teleportation for 39 gold pieces
  6708 | Orc:2    | Bought a scroll of enchant weapon for 97 gold pieces
  6708 | Orc:2    | Bought a scroll of teleportation for 39 gold pieces
  6708 | Orc:2    | Bought a scroll of enchant weapon for 97 gold pieces
  6745 | Orc:2    | Found a roughly hewn altar of Beogh.
  6776 | Orc:2    | Found a roughly hewn altar of Beogh.
  6833 | Orc:2    | Found a roughly hewn altar of Beogh.
  6833 | Orc:2    | Found Birirch's Armour Boutique.
  6836 | Orc:2    | Received a gift from Trog
  6984 | Lair:1   | Reached skill level 16 in Axes
  7044 | Lair:2   | Found a staircase to the Swamp.
  7386 | Lair:4   | Noticed Nergalle
  7396 | Lair:4   | Killed Nergalle
  7396 | Lair:4   | Reached skill level 17 in Axes
  7422 | Lair:5   | Found a staircase to the Slime Pits.
  7423 | Lair:5   | Found a viscous altar of Jiyva.
  7443 | Lair:6   | Entered Level 6 of the Lair of Beasts
  7449 | Lair:6   | Found a frozen archway.
  7483 | Lair:6   | Received a gift from Trog
  7503 | IceCv    | Entered an ice cave
  7720 | IceCv    | Gained mutation: Potions are less effective at restoring
                  | your health. [potion of mutation]
  7720 | IceCv    | Gained mutation: You are clumsy. (Dex -2) [potion of
                  | mutation]
  7720 | IceCv    | Gained mutation: You are partially covered in iridescent
                  | scales. (AC +2) [potion of mutation]
  7738 | IceCv    | Lost mutation: You are partially covered in iridescent
                  | scales. (AC +2) [potion of mutation]
  7738 | IceCv    | Lost mutation: You are clumsy. (Dex -2) [potion of
                  | mutation]
  7738 | IceCv    | Gained mutation: Your flesh is cold resistant. (rC+)
                  | [potion of mutation]
  7738 | IceCv    | Gained mutation: Your system is resistant to poisons.
                  | (rPois) [potion of mutation]
  7839 | Lair:6   | Noticed Sonja
  7851 | Lair:6   | Killed Sonja
  7851 | Lair:6   | Reached skill level 1 in Evocations
  8062 | Lair:6   | Reached XP level 14. HP: 39/110 MP: 16/16
  8091 | Lair:6   | Noticed Snorg
  8099 | Lair:6   | Killed Snorg
  8459 | Lair:6   | Received a gift from Trog
  8535 | Lair:6   | Noticed Kirke
  8548 | Lair:6   | Killed Kirke
  8572 | Lair:6   | Reached skill level 18 in Axes
  8744 | Lair:4   | Found a radiant altar of Vehumet.
  8776 | Lair:4   | Found a hole to the Spider Nest.
  9109 | Orc:2    | Bought the +0 pair of fencer's gloves {+Riposte Dex+3} for
                  | 560 gold pieces
  9109 | Orc:2    | Found the +0 pair of fencer's gloves {+Riposte Dex+3}
  9198 | Swamp:1  | Entered Level 1 of the Swamp
  9240 | Swamp:1  | You fall through a shaft!
  9252 | Swamp:2  | Noticed a thorn hunter
  9262 | Swamp:2  | Killed a thorn hunter
  9306 | Swamp:2  | Noticed a thorn hunter
  9325 | Swamp:2  | Killed a thorn hunter
  9345 | Swamp:2  | Noticed a thorn hunter
  9358 | Swamp:2  | Killed a thorn hunter
  9358 | Swamp:2  | Reached skill level 19 in Axes
  9410 | Swamp:2  | Noticed a thorn hunter
  9416 | Swamp:2  | Killed a thorn hunter
  9488 | Swamp:2  | Received a gift from Trog
  9718 | Swamp:3  | Received a gift from Trog
  9776 | Swamp:3  | Reached XP level 15. HP: 117/117 MP: 18/18
  9799 | Swamp:4  | Entered Level 4 of the Swamp
  9943 | Swamp:4  | Noticed a thorn hunter
  9988 | Swamp:4  | Killed a thorn hunter
 10281 | Swamp:4  | Received a gift from Trog
 10538 | Swamp:4  | Received a gift from Trog
 10538 | Swamp:4  | Reached skill level 5 in Dodging
 10654 | Swamp:4  | Noticed a bone dragon
 10666 | Swamp:4  | Killed a bone dragon
 10896 | Swamp:4  | Got a decaying rune of Zot
 11312 | Spider:1 | Entered Level 1 of the Spider Nest
 11468 | Spider:2 | Reached ****** piety under Trog
 11550 | Spider:1 | Reached XP level 16. HP: 31/132 MP: 19/19
 11594 | Spider:1 | Received a gift from Trog
 11728 | Spider:1 | Received a gift from Trog
 11766 | Spider:2 | Reached skill level 20 in Axes
 12028 | Spider:3 | Reached skill level 10 in Fighting
 12092 | Spider:3 | Noticed Arachne
 12104 | Spider:3 | Killed Arachne
 12594 | D:14     | Found a gate to the Vaults.
 12623 | Vaults:1 | Entered Level 1 of the Vaults
 12642 | Vaults:1 | Received a gift from Trog
 12779 | Vaults:1 | Received a gift from Trog
 12932 | Vaults:2 | Reached skill level 10 in Dodging
 12993 | Vaults:2 | Found a staircase to the Crypt.
 13139 | Vaults:2 | Got an ancient ring mail
 13150 | Vaults:2 | Identified the +0 ring mail of Tomorrow {MR- rCorr SInv}
                  | (You found it on level 2 of the Vaults)
 13183 | Vaults:2 | Reached XP level 17. HP: 73/144 MP: 20/20
 13655 | Vaults:2 | Received a gift from Trog
 13687 | Vaults:2 | HP: 2/144 [fire dragon/blast of flame (47)]
 13691 | Vaults:2 | Received a gift from Trog
 14093 | Temple   | Entered the Ecumenical Temple
 14203 | Temple   | Fell from the grace of Trog
 14203 | Temple   | Became a worshipper of Uskayaw the Reveler
 14260 | D:7      | Reached * piety under Uskayaw
 14373 | D:7      | Found an iron altar of Okawaru.
 14594 | Spider:3 | Reached ** piety under Uskayaw
 14596 | Spider:3 | Reached skill level 1 in Invocations
 14645 | Spider:3 | Reached *** piety under Uskayaw
 14651 | Spider:3 | Reached **** piety under Uskayaw
 14671 | Spider:3 | Paralysed by Trog for 3 turns
 14717 | Spider:3 | Reached ***** piety under Uskayaw
 14759 | Spider:3 | Reached skill level 5 in Invocations
 14869 | Spider:3 | Learned a level 1 spell: Summon Butterflies
 14872 | Spider:3 | Learned a level 2 spell: Shroud of Golubria
 14876 | Spider:3 | Learned a level 3 spell: Regeneration
 14879 | Spider:3 | Learned a level 2 spell: Song of Slaying
 14883 | Spider:3 | Learned a level 3 spell: Spectral Weapon
 14889 | Spider:3 | Learned a level 5 spell: Summon Mana Viper
 14981 | Spider:2 | Reached skill level 1 in Spellcasting
 15015 | Spider:2 | Reached ****** piety under Uskayaw
 15236 | Spider:4 | Entered Level 4 of the Spider Nest
 15382 | Spider:4 | Reached skill level 1 in Charms
 15678 | Spider:4 | Reached XP level 18. HP: 27/151 MP: 23/23
 15785 | Spider:4 | Reached skill level 1 in Necromancy
 15800 | Spider:4 | Paralysed by a hornet for 2 turns
 15801 | Spider:4 | HP: 4/151 [emperor scorpion (6)]
 15802 | Spider:4 | HP: 1/151 [emperor scorpion (3)]
 15802 | Spider:4 | Slain by an emperor scorpion

Skill      XL: |  1  2  3  4  5  6  7  8  9 10 11 12 13 14 15 16 17 18 |
---------------+-------------------------------------------------------+-----
Axes           | 3 4 5 6 7 9 10 12 15 17 19 20 | 20.0
Throwing       | 6 |  6.2
Fighting       | 4 6 9 11 | 11.0
Armour         | 4 8 |  8.1
Dodging        | 4 7 10 12 | 12.2
Evocations     | 3 4 |  4.2
Invocations    | 5 |  5.1
Spellcasting   | 3 |  3.8
Charms         | 4 |  4.3
Necromancy     | 2 |  2.6

Action                   |  1- 3 |  4- 6 |  7- 9 | 10-12 | 13-15 | 16-18 || total
-------------------------+-------+-------+-------+-------+-------+-------++-------
Melee: Hand axe          |    67 |    63 |   199 |   393 |       |       ||   722
       Kick              |     9 |    17 |    65 |   146 |   241 |   216 ||   694
       Battleaxe         |       |       |       |   150 |   763 |   577 ||  1490
 Fire: Blowgun           |       |       |       |       |     2 |       ||     2
Throw: Tomahawk          |       |       |    17 |       |       |       ||    17
       Javelin           |       |       |       |    25 |    30 |    13 ||    68
 Cast: Regeneration      |       |       |       |       |       |    13 ||    13
Invok: Berserk           |     2 |     2 |     8 |    19 |    30 |    13 ||    74
       Trog's Hand       |       |     1 |     2 |     4 |     5 |     7 ||    19
       Brothers in Arms  |       |       |       |     4 |    11 |     4 ||    19
       Grand Finale      |       |       |       |       |       |     2 ||     2
Evoke: Wand              |       |       |       |     4 |     3 |     3 ||    10
       Lightning rod     |       |       |       |       |     3 |       ||     3
  Use: Scroll            |       |       |     6 |     5 |    21 |     7 ||    39
       Potion            |       |       |     1 |       |     4 |     6 ||    11
 Stab: Paralysed         |       |       |       |       |       |    24 ||    24
  Eat: Chunk             |       |     3 |    12 |    25 |    30 |    21 ||    91
       Ration            |       |       |     1 |     1 |     5 |     4 ||    11
Armor: Animal skin       |    15 |       |       |       |       |       ||    15
       Ring mail         |    14 |     9 |       |       |       |       ||    23
       Leather armour    |       |     6 |    52 |     3 |       |       ||    61
       Chain mail        |       |       |       |   157 |       |       ||   157
       Troll leather arm |       |       |       |   102 |   474 |   316 ||   892
Dodge: Dodged            |    35 |    23 |    56 |   224 |   374 |   428 ||  1140
       Rpst.: Battleaxe  |       |       |       |       |    28 |    65 ||    93
